 Dungeon Crawl Stone Soup version 0.29-a0-559-g359e09b9d1 (webtiles) character file.

Game seed: 13546625102910086150

126 ckess the Vexing (level 4, -2/21 HPs)
             Began as a Spriggan Enchanter on June 10, 2022.
             Slain by an orc
             ... wielding a +0 whip
              (4 damage)
             ... on level 4 of the Dungeon.
             The game lasted 00:05:58 (3548 turns).

ckess the Vexing (Spriggan Enchanter)               Turns: 3548, Time: 00:05:58

Health: -2/21      AC:  2    Str:  6    XL:     4   Next: 83%
Magic:  1/11       EV: 32    Int: 16    God:
Gold:   177        SH:  0    Dex: 15    Spells: 4/12 levels left

rFire   . . .      SeeInvis +   a - +1 dagger
rCold   . . .      Faith    .   (no shield)
rNeg    . . .      Spirit   .   b - +0 robe
rPois   +          Reflect  .   (helmet restricted)
rElec   .          Harm     .   (no cloak)
rCorr   .          Rampage  .   (gloves unavailable)
Will    .....                   (boots unavailable)
Stlth   +++.......              f - amulet of the acrobat
HPRegen 0.07/turn               h - ring of poison resistance
MPRegen 0.12/turn               (no ring)

@: acrobatic, very quick
A: very small, no large weapons, unfitting armour, see invisible, speed 3
a: no special abilities


You were on level 4 of the Dungeon.
You visited 1 branch of the dungeon, and saw 4 of its levels.

You collected 177 gold pieces.

Inventory:

Hand Weapons
 a - a +1 dagger (weapon)
Missiles
 i - 5 poisoned darts (quivered)
Armour
 b - a +0 robe (worn)
Jewellery
 f - an amulet of the acrobat (around neck)
 h - a ring of poison resistance (left hand)
Wands
 k - a wand of polymorph (4)
Scrolls
 g - a scroll of fog
Potions
 c - a potion of invisibility
 d - 2 potions of lignification
 e - a potion of brilliance
 j - a potion of cancellation
 l - a potion of curing
 n - a potion of heal wounds
 o - a potion of haste


   Skills:
 - Level 1.1 Short Blades
 - Level 2.6 Dodging
 - Level 4.4 Stealth
 + Level 4.8 Spellcasting
 + Level 5.4 Hexes


You had 4 spell levels left.
You knew the following spells:

 Your Spells              Type           Power      Damage    Failure   Level
a - Ensorcelled Hibernat  Hex/Ice        24%        N/A       8%          2
b - Tukima's Dance        Hex            21%        N/A       4%          3
c - Confusing Touch       Hex            21%        N/A       4%          3

Your spell library contained the following spells:

 Spells                   Type           Power      Damage    Failure   Level
 Dazzling Flash           Conj/Hex       24%        N/A       16%         3
 Conjure Flame            Conj/Fire      3%         6-21      43%         3
 Ignite Poison            Fire/Tmut/Pois 3%         N/A       43%         3
 Spider Form              Tmut/Pois      3%         N/A       43%         3
 Anguish                  Hex/Necr       6%         N/A       45%         4
 Iskenderun's Mystic Bla  Conj/Tloc      3%         2d3       83%         4
 Sticky Flame             Conj/Fire      3%         2d3       83%         4
 Starburst                Conj/Fire      1%         6d3       100%        6


Dungeon Overview and Level Annotations

Branches:
Dungeon (4/15)
 Temple: D:4-7

Altars:
Fedhas
Gozag


Innate Abilities, Weirdness & Mutations

You are very small and have problems with some larger weapons.
You are too small for most types of armour.
You have supernaturally acute eyesight. (SInv)
You cover ground extremely quickly. (Speed+++)


Message History

The orc priest resists with some effort.
The orc priest closely misses you. The orc misses you.
The orc hits you with a +0 short sword. The orc misses you.
The orc hits you with a +0 whip.
Casting: Ensorcelled Hibernation (safe; 9% risk of failure)
Confirm with . or Enter, or press ? or * to list all spells.
Aiming: Ensorcelled Hibernation (safe; 9% risk of failure)
Press: ? - help, Shift-Dir - straight line, f/p - orc priest
Aim: an orc priest, wielding a +0 hand axe (chance to affect: 45%)
The orc priest resists with some effort.
The orc priest closely misses you. The orc hits you but does no damage.
The orc misses you. The orc closely misses you. The orc misses you.
Unknown command.
Casting: Ensorcelled Hibernation (safe; 9% risk of failure)
Confirm with . or Enter, or press ? or * to list all spells.
Aiming: Ensorcelled Hibernation (safe; 9% risk of failure)
Press: ? - help, Shift-Dir - straight line, f/p - orc priest
Aim: an orc priest, wielding a +0 hand axe (chance to affect: 45%)
The orc priest resists with some effort.
The orc priest misses you. The orc barely misses you.
The orc hits you with a +0 short sword.
* * * LOW HITPOINT WARNING * * *
The orc hits you with a +0 club.
* * * LOW HITPOINT WARNING * * *
The orc barely misses you.
Casting: Ensorcelled Hibernation (safe; 9% risk of failure)
Confirm with . or Enter, or press ? or * to list all spells.
Aiming: Ensorcelled Hibernation (safe; 9% risk of failure)
Press: ? - help, Shift-Dir - straight line, f/p - orc priest
Aim: an orc priest, wielding a +0 hand axe (chance to affect: 45%)
The orc priest looks drowsy...
The orc closely misses you. The orc misses you. The orc barely misses you.
The orc completely misses you.
Unknown command.
The helpless orc priest fails to defend itself.
You puncture the orc priest!
You kill the orc priest!
Unknown command.
Unknown command.
The orc hits you with a +0 whip.
You die...

..# #.#####
#.....# #
####.....# .#
#........#...
#.##.........
#
#.##o).......
#.##.##ooo.#
#.....@.#.##
####.######
###...#
#.....#
##.#...####
#.........#
####..#...##.#
.......))....+
####..#...##.#


You could see 4 orcs.

Vanquished Creatures
  An orc priest (D:4)
  Natasha (D:3)
  An adder (D:3)
  2 worms (D:3)
  A dart slug (D:2)
  An orc (D:3)
  5 ball pythons
  5 bats
  4 endoplasms
  2 giant cockroaches (D:3)
  7 goblins
  6 hobgoblins
  4 kobolds
  2 quokkas (D:1)
  2 frilled lizards
  3 rats
47 creatures vanquished.

Vanquished Creatures (collateral kills)
  An orc (D:3)
1 creature vanquished.

Vanquished Creatures (others)
  4 fungi
4 creatures vanquished.

Grand Total: 52 creatures vanquished

Notes
Turn   | Place    | Note
-------+----------+-------------------------------------------
     0 | D:1      | ckess the Spriggan Enchanter began the quest for the Orb.
     0 | D:1      | Reached XP level 1. HP: 9/9 MP: 5/5
    17 | D:1      | You fall into a shaft and drop 1 floor!
   401 | D:2      | Reached skill level 4 in Hexes
   401 | D:2      | Reached XP level 2. HP: 13/13 MP: 7/7
   404 | D:2      | Learned a level 2 spell: Ensorcelled Hibernation
   478 | D:2      | Found a faded altar of an unknown god.
  1552 | D:2      | Reached XP level 3. HP: 15/16 MP: 9/9
  1556 | D:2      | Learned a level 3 spell: Tukima's Dance
  1560 | D:2      | Learned a level 3 spell: Confusing Touch
  2416 | D:3      | Found a blossoming altar of Fedhas.
  2678 | D:3      | Noticed Natasha
  2688 | D:3      | Killed Natasha
  2689 | D:3      | Reached skill level 5 in Hexes
  2689 | D:3      | Reached XP level 4. HP: 15/21 MP: 6/11
  3143 | D:3      | Found an opulent altar of Gozag.
  3544 | D:4      | HP: 1/21 [orc/+0 club (5)]
  3548 | D:4      | Slain by an orc

Illustrated notes

Levels and vault maps discovered:
D:1:      dpeg_arrival_castle, layout_basic, corner_web_ring
D:2:      layout_basic, dreamdust_ecumenical_altar_statues, serial_glass,
          glass_columns_a, glass_columns_c, glass_columns_a, glass_columns_a,
          glass_columns_c, glass_columns_a, glass_columns_b, glass_columns_a,
          minmay_strange_pillars, feat_on_display, feat_on_display,
          kennysheep_generic_room_9
D:3:      layout_loops_ring, mainiacjoe_overflow_boulevard,
          lemuel_coloured_pillars_altar, uniq_natasha
D:4:      layout_loops_corners, grunt_temple_overflow_diamond,
          overflow_temple_1_default, gammafunk_ghost_grave,
          dreamdust_mushroom_princess, uniq_pikel, uniq_grinder

Skill      XL: |  1  2  3 |
---------------+----------+-----
Spellcasting   | 3 4 |  4.8
Hexes          | 4 5 |  5.4
Short Blades   | |  1.1
Dodging        | |  2.6
Stealth        | |  4.4

Action                   |  1- 3 |  4- 6 || total
-------------------------+-------+-------++-------
Melee: Dagger            |   129 |    28 ||   157
       Punch             |     2 |       ||     2
 Cast: Ensorcelled Hiber |    16 |     7 ||    23
       Tukima's Dance    |     1 |       ||     1
  Use: Potion            |     1 |       ||     1
       Scroll            |     8 |     3 ||    11
 Stab: Sleeping          |    12 |     8 ||    20
       Invisible         |     1 |       ||     1
Armor: Robe              |    11 |     5 ||    16
Dodge: Dodged            |   123 |    27 ||   150

Table legend: (Time is in decaauts)
 A = Elapsed time spent in this place.
 B = Non-inter-level travel time spent in this place.
 C = Inter-level travel time spent in this place.
 D = Time resting spent in this place.
 E = Time spent auto-exploring this place.
 F = Levels seen in this place.
 G = Mean time per level.
                   A        B        C        D        E       F      G
               +--------+--------+--------+--------+--------+-----+--------+
         Total |   2725 |   2668 |     57 |     51 |   2137 |   4 |  681.2 |
       Dungeon |   2725 |   2668 |     57 |     51 |   2137 |   4 |  681.2 |
               +--------+--------+--------+--------+--------+-----+--------+

Top non-repeatable levels by time:
     D:2: 994 daAuts
     D:3: 824 daAuts
     D:1: 763 daAuts
     D:4: 143 daAuts
